2691 views
Uploaded 2021-09-11 21:45:15
Game version 1.32.10
17:34 long 4on4 ladder game on (8)Northshire_LV
Saved by Teelo
2691 views
Uploaded 2021-09-11 21:45:15
Game version 1.32.10
17:34 long 4on4 ladder game on (8)Northshire_LV


155 units @ 21.2k
/ 2.4k
67 buildings @ 10.2k
/ 3.7k


| Healing Salve | 2 | 200 |
| Lesser Clarity Potion | 1 | 70 |
| Orb of Lightning | 1 | 375 |
| total: | 4 | 645g |
| Peon | 7 | 525 | / | 0 |
| Grunt | 2 | 400 | / | 0 |
| Troll Headhunter | 15 | 2100 | / | 300 |
| Troll Witch Doctor | 4 | 580 | / | 100 |
| Troll Berserker | 5 | 700 | / | 100 |
| Goblin Shredder | 1 | 375 | / | 100 |
| total: | 34 | 4680g | / | 600w |
| Altar of Storms | 1 | 180 | / | 50 |
| Orc Burrow | 6 | 960 | / | 240 |
| Barracks | 1 | 180 | / | 50 |
| War Mill | 1 | 205 | / | 0 |
| Voodoo Lounge | 1 | 130 | / | 30 |
| Great Hall | 1 | 385 | / | 185 |
| Spirit Lodge | 3 | 450 | / | 450 |
| Stronghold | 1 | 315 | / | 190 |
| Fortress | 1 | 325 | / | 190 |
| total: | 14 | 2490g | / | 1005w |
| 0:03 | Peon |
| 0:03 | Peon |
| 0:09 | Altar of Storms |
| 0:19 | Orc Burrow |
| 0:32 | Peon |
| 0:36 | Barracks |
| 0:43 | Peon |
| 1:00 | Peon |
| 1:20 | Peon |
| 1:35 | Orc Burrow |
| 1:38 | Grunt |
| 2:08 | War Mill |
| 2:14 | War Stomp |
| 2:25 | Orc Burrow |
| 2:36 | Grunt |
| 3:11 | Stronghold |
| 3:21 | Voodoo Lounge |
| 4:03 | Troll Headhunter |
| 4:05 | Endurance Aura |
| 4:16 | Troll Headhunter |
| 4:25 | Healing Salve |
| 4:25 | Lesser Clarity Potion |
| 4:33 | Troll Headhunter |
| 5:08 | Troll Headhunter |
| 6:12 | Great Hall |
| 6:21 | Spirit Lodge |
| 6:26 | Orc Burrow |
| 6:31 | Orc Burrow |
| 6:34 | Fortress |
| 6:36 | Troll Regeneration |
| 6:40 | Troll Headhunter |
| 7:33 | War Stomp |
| 7:42 | Healing Salve |
| 8:00 | Orc Burrow |
| 8:16 | Goblin Shredder |
| 8:27 | Witch Doctor Adept Training |
| 8:32 | Healing Wave |
| 8:37 | Troll Headhunter |
| 8:37 | Troll Headhunter |
| 10:33 | Witch Doctor Master Training |
| 10:34 | Troll Witch Doctor |
| 10:34 | Troll Witch Doctor |
| 10:34 | Troll Witch Doctor |
| 10:35 | Troll Witch Doctor |
| 10:37 | Troll Headhunter |
| 10:37 | Troll Headhunter |
| 10:37 | Troll Headhunter |
| 10:38 | Troll Headhunter |
| 10:38 | Troll Headhunter |
| 10:38 | Troll Headhunter |
| 10:43 | Steel Ranged Weapons |
| 12:11 | Troll Headhunter |
| 12:11 | Troll Headhunter |
| 12:20 | Peon |
| 12:30 | Spirit Lodge |
| 13:47 | Spirit Lodge |
| 14:18 | Berserker Upgrade |
| 14:42 | Endurance Aura |
| 15:03 | Troll Berserker |
| 15:03 | Troll Berserker |
| 15:03 | Troll Berserker |
| 16:02 | Troll Berserker |
| 16:03 | Troll Berserker |
| 16:16 | Orb of Lightning |
| Right click | 389 |
| Select group | 369 |
| Select | 166 |
| Build/train/purchase | 68 |
| Resource trade | 45 |
| Misc. action | 31 |
| Assign group | 29 |
| Use ability | 10 |
| Esc | 2 |
| Minimap ping | 2 |
| Item give/drop | 1 |



| Scroll of Town Portal | 4 | 1400 |
| Periapt of Vitality | 2 | 650 |
| Potion of Lesser Invulnerability | 2 | 300 |
| Circlet of Nobility | 1 | 175 |
| Boots of Speed | 1 | 250 |
| total: | 10 | 2775g |
| Peasant | 17 | 1275 | / | 0 |
| Footman | 5 | 675 | / | 0 |
| Rifleman | 13 | 2665 | / | 390 |
| Priest | 8 | 1080 | / | 80 |
| total: | 43 | 5695g | / | 470w |
| Scout Tower | 6 | 180 | / | 120 |
| Arcane Tower | 2 | 140 | / | 100 |
| Guard Tower | 4 | 280 | / | 200 |
| Barracks | 1 | 160 | / | 60 |
| Farm | 9 | 720 | / | 180 |
| Altar of Kings | 1 | 180 | / | 50 |
| Blacksmith | 1 | 140 | / | 60 |
| Town Hall | 2 | 770 | / | 410 |
| Arcane Vault | 1 | 130 | / | 30 |
| Lumber Mill | 1 | 120 | / | 0 |
| Arcane Sanctum | 1 | 150 | / | 140 |
| Keep | 1 | 320 | / | 210 |
| Castle | 1 | 360 | / | 210 |
| total: | 23 | 2550g | / | 1050w |
| 0:05 | Peasant |
| 0:05 | Peasant |
| 0:05 | Peasant |
| 0:05 | Peasant |
| 0:22 | Barracks |
| 0:37 | Farm |
| 0:39 | Peasant |
| 0:51 | Altar of Kings |
| 0:55 | Peasant |
| 1:15 | Farm |
| 1:23 | Footman |
| 1:25 | Farm |
| 1:30 | Footman |
| 1:38 | Peasant |
| 1:59 | Footman |
| 2:05 | Blacksmith |
| 2:19 | Footman |
| 2:28 | Farm |
| 2:40 | Footman |
| 2:59 | Holy Light |
| 3:12 | Farm |
| 3:18 | Rifleman |
| 3:25 | Peasant |
| 3:25 | Peasant |
| 3:31 | Scout Tower |
| 3:50 | Rifleman |
| 3:57 | Devotion Aura |
| 4:06 | Farm |
| 4:08 | Peasant |
| 4:12 | Arcane Tower |
| 4:17 | Farm |
| 4:24 | Peasant |
| 4:37 | Peasant |
| 4:37 | Peasant |
| 5:16 | Keep |
| 5:48 | Devotion Aura |
| 5:52 | Town Hall |
| 6:13 | Arcane Vault |
| 6:27 | Lumber Mill |
| 6:39 | Scout Tower |
| 6:43 | Black Gunpowder |
| 7:11 | Arcane Tower |
| 7:17 | Scout Tower |
| 7:56 | Peasant |
| 7:57 | Peasant |
| 8:05 | Peasant |
| 8:05 | Peasant |
| 8:06 | Guard Tower |
| 8:08 | Scout Tower |
| 8:19 | Long Rifles |
| 8:48 | Arcane Sanctum |
| 8:54 | Holy Light |
| 9:06 | Storm Bolt |
| 9:16 | Improved Masonry |
| 9:18 | Guard Tower |
| 10:18 | Castle |
| 10:20 | Rifleman |
| 10:20 | Rifleman |
| 10:20 | Rifleman |
| 10:22 | Priest |
| 10:22 | Priest |
| 10:22 | Priest |
| 10:27 | Scout Tower |
| 10:30 | Advanced Masonry |
| 10:31 | Rifleman |
| 10:37 | Farm |
| 10:47 | Scroll of Town Portal |
| 10:56 | Guard Tower |
| 11:00 | Priest |
| 11:01 | Priest Adept Training |
| 11:04 | Refined Gunpowder |
| 12:19 | Rifleman |
| 12:20 | Rifleman |
| 12:20 | Rifleman |
| 12:22 | Bash |
| 13:00 | Periapt of Vitality |
| 13:02 | Potion of Lesser Invulnerability |
| 13:02 | Scroll of Town Portal |
| 13:02 | Circlet of Nobility |
| 13:03 | Boots of Speed |
| 13:11 | Priest |
| 13:12 | Priest |
| 13:13 | Rifleman |
| 14:05 | Divine Shield |
| 14:55 | Rifleman |
| 14:55 | Rifleman |
| 14:55 | Rifleman |
| 14:58 | Priest Master Training |
| 14:58 | Priest |
| 14:58 | Priest |
| 15:16 | Scout Tower |
| 15:19 | Imbued Masonry |
| 15:25 | Scroll of Town Portal |
| 15:34 | Potion of Lesser Invulnerability |
| 15:34 | Scroll of Town Portal |
| 15:48 | Brilliance Aura |
| 15:57 | Town Hall |
| 16:00 | Farm |
| 16:01 | Guard Tower |
| 16:16 | Periapt of Vitality |
| 16:28 | Storm Bolt |
| Select | 250 |
| Misc. action | 126 |
| Build/train/purchase | 87 |
| Use ability | 37 |
| Right click | 14 |
| Esc | 6 |
| Chat | 4 |
| Item give/drop | 1 |

| Healing Salve | 1 | 100 |
| Lesser Clarity Potion | 1 | 70 |
| Orb of Lightning | 1 | 375 |
| Scroll of Town Portal | 2 | 700 |
| total: | 5 | 1245g |
| Peon | 11 | 825 | / | 0 |
| Grunt | 2 | 400 | / | 0 |
| Troll Headhunter | 27 | 3780 | / | 540 |
| Shaman | 6 | 780 | / | 120 |
| Goblin Shredder | 1 | 375 | / | 100 |
| Kobold Geomancer | 1 | 255 | / | 30 |
| total: | 48 | 6415g | / | 790w |
| Watch Tower | 1 | 110 | / | 80 |
| Orc Burrow | 6 | 960 | / | 240 |
| Altar of Storms | 1 | 180 | / | 50 |
| Barracks | 2 | 360 | / | 100 |
| War Mill | 1 | 205 | / | 0 |
| Voodoo Lounge | 1 | 130 | / | 30 |
| Great Hall | 1 | 385 | / | 185 |
| Spirit Lodge | 1 | 150 | / | 150 |
| Stronghold | 1 | 315 | / | 190 |
| Fortress | 1 | 325 | / | 190 |
| total: | 14 | 2480g | / | 835w |
| 0:05 | Peon |
| 0:05 | Peon |
| 0:05 | Peon |
| 0:20 | Orc Burrow |
| 0:27 | Altar of Storms |
| 0:50 | Barracks |
| 0:52 | Peon |
| 0:58 | Peon |
| 1:20 | Orc Burrow |
| 1:23 | Peon |
| 1:55 | War Mill |
| 2:03 | Grunt |
| 2:14 | Peon |
| 2:33 | Grunt |
| 2:43 | War Stomp |
| 2:54 | Orc Burrow |
| 3:07 | Troll Headhunter |
| 3:18 | Troll Headhunter |
| 3:31 | Troll Headhunter |
| 3:55 | Troll Headhunter |
| 4:45 | Voodoo Lounge |
| 4:46 | Troll Headhunter |
| 4:58 | Great Hall |
| 5:05 | Troll Headhunter |
| 5:19 | Endurance Aura |
| 5:37 | Goblin Shredder |
| 5:56 | Healing Salve |
| 6:08 | Lesser Clarity Potion |
| 6:12 | Troll Headhunter |
| 6:15 | Troll Headhunter |
| 6:49 | Endurance Aura |
| 7:11 | Stronghold |
| 7:32 | Steel Ranged Weapons |
| 7:32 | Steel Armor |
| 7:47 | Troll Headhunter |
| 7:50 | Troll Headhunter |
| 7:54 | Barracks |
| 7:57 | Orc Burrow |
| 8:17 | Kobold Geomancer |
| 8:42 | Troll Headhunter |
| 8:42 | Troll Headhunter |
| 9:09 | Orc Burrow |
| 9:11 | Orc Burrow |
| 9:15 | Troll Headhunter |
| 9:57 | Troll Headhunter |
| 9:57 | Troll Headhunter |
| 10:27 | Spirit Lodge |
| 10:32 | Troll Headhunter |
| 10:33 | Fortress |
| 10:36 | Thorium Ranged Weapons |
| 10:38 | Thorium Armor |
| 10:42 | Troll Regeneration |
| 10:43 | Troll Headhunter |
| 12:40 | Troll Headhunter |
| 12:41 | Troll Headhunter |
| 12:41 | Troll Headhunter |
| 12:45 | Shaman Adept Training |
| 12:47 | Shaman |
| 12:48 | Shaman |
| 12:48 | Shaman |
| 13:00 | Watch Tower |
| 13:33 | War Stomp |
| 14:38 | Troll Headhunter |
| 14:39 | Troll Headhunter |
| 14:39 | Troll Headhunter |
| 14:41 | Shaman Master Training |
| 14:49 | Berserker Upgrade |
| 14:51 | Troll Headhunter |
| 14:52 | Arcanite Ranged Weapons |
| 15:01 | Peon |
| 15:02 | Peon |
| 15:30 | Peon |
| 15:34 | Peon |
| 15:39 | Troll Headhunter |
| 16:04 | Troll Headhunter |
| 16:05 | Shaman |
| 16:05 | Shaman |
| 16:05 | Shaman |
| 16:08 | Arcanite Armor |
| 16:12 | Troll Headhunter |
| 16:37 | Scroll of Town Portal |
| 16:38 | Orb of Lightning |
| 16:38 | Scroll of Town Portal |
| Right click | 393 |
| Select | 239 |
| Select group | 220 |
| Build/train/purchase | 81 |
| Assign group | 19 |
| Misc. action | 17 |
| Use ability | 7 |
| Minimap ping | 7 |
| Item give/drop | 1 |


| Rod of Necromancy | 3 | 450 |
| Sacrificial Skull | 1 | 50 |
| Orb of Corruption | 2 | 750 |
| Potion of Mana | 3 | 600 |
| Potion of Healing | 1 | 150 |
| Scroll of Town Portal | 1 | 350 |
| Scroll of Healing | 2 | 500 |
| Boots of Speed | 1 | 250 |
| Periapt of Vitality | 1 | 325 |
| total: | 15 | 3425g |
| Acolyte | 7 | 525 | / | 0 |
| Ghoul | 7 | 840 | / | 0 |
| Gargoyle | 14 | 2450 | / | 420 |
| Obsidian Statue | 1 | 200 | / | 35 |
| Goblin Shredder | 1 | 375 | / | 100 |
| total: | 30 | 4390g | / | 555w |
| Nerubian Tower | 1 | 100 | / | 20 |
| Spirit Tower | 2 | 290 | / | 80 |
| Ziggurat | 6 | 900 | / | 300 |
| Crypt | 4 | 800 | / | 200 |
| Altar of Darkness | 1 | 180 | / | 50 |
| Tomb of Relics | 1 | 130 | / | 30 |
| Necropolis | 1 | 225 | / | 0 |
| Graveyard | 1 | 215 | / | 0 |
| Slaughterhouse | 2 | 280 | / | 270 |
| Halls of the Dead | 1 | 320 | / | 210 |
| Black Citadel | 1 | 325 | / | 230 |
| total: | 16 | 2730g | / | 850w |
| 0:03 | Acolyte |
| 0:04 | Ziggurat |
| 0:07 | Crypt |
| 0:11 | Crypt |
| 0:21 | Acolyte |
| 0:39 | Altar of Darkness |
| 1:08 | Ziggurat |
| 1:12 | Ghoul |
| 1:16 | Tomb of Relics |
| 1:29 | Ghoul |
| 1:45 | Ghoul |
| 2:00 | Ghoul |
| 2:28 | Ghoul |
| 2:32 | Ghoul |
| 2:39 | Rod of Necromancy |
| 2:39 | Sacrificial Skull |
| 2:48 | Cannibalize |
| 2:51 | Acolyte |
| 2:57 | Sleep |
| 3:06 | Ghoul |
| 3:30 | Ziggurat |
| 3:57 | Acolyte |
| 3:57 | Acolyte |
| 3:57 | Acolyte |
| 4:05 | Vampiric Aura |
| 4:13 | Acolyte |
| 4:24 | Nerubian Tower |
| 4:39 | Necropolis |
| 5:02 | Halls of the Dead |
| 5:20 | Carrion Swarm |
| 5:27 | Graveyard |
| 5:42 | Crypt |
| 6:01 | Rod of Necromancy |
| 6:15 | Crypt |
| 6:58 | Boots of Speed |
| 6:59 | Periapt of Vitality |
| 7:23 | Goblin Shredder |
| 7:38 | Gargoyle |
| 8:08 | Gargoyle |
| 8:11 | Creature Attack |
| 8:12 | Creature Carapace |
| 8:12 | Black Citadel |
| 8:41 | Rod of Necromancy |
| 8:49 | Ziggurat |
| 8:51 | Ziggurat |
| 8:57 | Gargoyle |
| 9:10 | Death Coil |
| 10:05 | Carrion Swarm |
| 10:13 | Gargoyle |
| 10:13 | Gargoyle |
| 10:13 | Gargoyle |
| 10:13 | Gargoyle |
| 10:30 | Spirit Tower |
| 10:31 | Spirit Tower |
| 10:49 | Orb of Corruption |
| 10:57 | Potion of Mana |
| 11:46 | Unholy Aura |
| 12:46 | Gargoyle |
| 12:48 | Stone Form |
| 12:50 | Ziggurat |
| 12:51 | Improved Creature Attack |
| 12:51 | Improved Creature Carapace |
| 13:00 | Scroll of Town Portal |
| 13:06 | Ghoul Frenzy |
| 13:42 | Death Coil |
| 13:51 | Carrion Swarm |
| 14:18 | Gargoyle |
| 14:19 | Gargoyle |
| 14:39 | Gargoyle |
| 14:39 | Gargoyle |
| 15:12 | Slaughterhouse |
| 15:22 | Advanced Creature Attack |
| 15:40 | Gargoyle |
| 15:46 | Orb of Corruption |
| 15:46 | Potion of Healing |
| 16:11 | Gargoyle |
| 16:18 | Obsidian Statue |
| 16:20 | Slaughterhouse |
| 16:46 | Potion of Mana |
| 16:48 | Potion of Mana |
| 16:51 | Scroll of Healing |
| 16:52 | Scroll of Healing |
| Right click | 829 |
| Select group | 667 |
| Select | 362 |
| Assign group | 102 |
| Build/train/purchase | 94 |
| Chat | 78 |
| Misc. action | 40 |
| Use ability | 31 |
| Minimap ping | 26 |
| Item give/drop | 4 |
| Esc | 2 |
136 units @ 20.6k
/ 3k
67 buildings @ 10.9k
/ 4.8k

| Healing Salve | 3 | 300 |
| Lesser Clarity Potion | 3 | 210 |
| Scroll of Speed | 1 | 50 |
| Orb of Lightning | 1 | 375 |
| Potion of Healing | 1 | 150 |
| Potion of Mana | 1 | 200 |
| Scroll of Town Portal | 2 | 700 |
| Scroll of Healing | 1 | 250 |
| Potion of Lesser Invulnerability | 1 | 150 |
| total: | 14 | 2385g |
| Peon | 12 | 900 | / | 0 |
| Troll Headhunter | 12 | 1680 | / | 240 |
| Troll Witch Doctor | 6 | 870 | / | 150 |
| Kodo Beast | 1 | 255 | / | 60 |
| Troll Berserker | 6 | 840 | / | 120 |
| Shaman | 2 | 260 | / | 40 |
| total: | 39 | 4805g | / | 610w |
| Altar of Storms | 1 | 180 | / | 50 |
| Orc Burrow | 5 | 800 | / | 200 |
| War Mill | 1 | 205 | / | 0 |
| Barracks | 1 | 180 | / | 50 |
| Voodoo Lounge | 1 | 130 | / | 30 |
| Great Hall | 1 | 385 | / | 185 |
| Spirit Lodge | 1 | 150 | / | 150 |
| Beastiary | 1 | 145 | / | 140 |
| Stronghold | 1 | 315 | / | 190 |
| Fortress | 1 | 325 | / | 190 |
| total: | 12 | 2175g | / | 805w |
| 0:04 | Peon |
| 0:04 | Peon |
| 0:08 | Altar of Storms |
| 0:21 | Orc Burrow |
| 0:24 | Peon |
| 0:40 | Peon |
| 0:51 | War Mill |
| 0:56 | Peon |
| 1:08 | Peon |
| 1:15 | Barracks |
| 1:20 | Peon |
| 1:29 | Peon |
| 1:43 | Orc Burrow |
| 1:56 | Voodoo Lounge |
| 2:10 | War Stomp |
| 2:19 | Troll Headhunter |
| 2:44 | Troll Headhunter |
| 2:53 | Troll Headhunter |
| 3:10 | Healing Salve |
| 3:14 | Lesser Clarity Potion |
| 3:20 | Stronghold |
| 3:31 | Troll Headhunter |
| 3:52 | Troll Headhunter |
| 4:00 | Orc Burrow |
| 4:09 | Endurance Aura |
| 4:13 | Troll Headhunter |
| 4:27 | Troll Headhunter |
| 4:51 | Troll Headhunter |
| 5:18 | Troll Headhunter |
| 5:28 | War Stomp |
| 5:38 | Troll Headhunter |
| 5:43 | Fortress |
| 5:53 | Healing Salve |
| 5:53 | Healing Salve |
| 5:53 | Scroll of Speed |
| 5:54 | Lesser Clarity Potion |
| 6:06 | Troll Regeneration |
| 6:10 | Spirit Lodge |
| 6:14 | Steel Ranged Weapons |
| 6:49 | Troll Headhunter |
| 7:13 | Orc Burrow |
| 7:20 | Great Hall |
| 7:34 | Troll Headhunter |
| 7:35 | Thorium Ranged Weapons |
| 7:40 | Witch Doctor Adept Training |
| 7:50 | Endurance Aura |
| 8:34 | Berserker Upgrade |
| 9:09 | Witch Doctor Master Training |
| 10:30 | Troll Witch Doctor |
| 10:31 | Troll Witch Doctor |
| 10:34 | Beastiary |
| 10:37 | Steel Armor |
| 10:39 | Peon |
| 10:40 | Peon |
| 10:40 | Peon |
| 10:40 | Peon |
| 11:04 | War Stomp |
| 11:14 | Troll Witch Doctor |
| 12:05 | Kodo Beast |
| 12:06 | War Drums Damage Increase |
| 12:09 | Lesser Clarity Potion |
| 12:11 | Orb of Lightning |
| 12:13 | Scroll of Town Portal |
| 12:16 | Potion of Healing |
| 12:17 | Potion of Mana |
| 12:25 | Troll Berserker |
| 12:33 | Troll Witch Doctor |
| 12:35 | Shaman Adept Training |
| 12:52 | Troll Berserker |
| 14:11 | Reincarnation |
| 14:41 | Troll Berserker |
| 14:42 | Troll Berserker |
| 14:43 | Troll Witch Doctor |
| 14:43 | Troll Witch Doctor |
| 15:08 | Shaman Master Training |
| 15:21 | Endurance Aura |
| 15:30 | Potion of Lesser Invulnerability |
| 15:31 | Scroll of Town Portal |
| 15:32 | Scroll of Healing |
| 15:40 | Troll Berserker |
| 15:40 | Troll Berserker |
| 15:46 | Shaman |
| 15:46 | Shaman |
| 15:48 | Orc Burrow |
| 15:51 | Arcanite Ranged Weapons |
| 17:02 | Shockwave |
| Right click | 497 |
| Select group | 367 |
| Select | 304 |
| Build/train/purchase | 112 |
| Chat | 43 |
| Use ability | 42 |
| Assign group | 39 |
| Misc. action | 21 |
| Item give/drop | 4 |
| Remove unit | 2 |
| Minimap ping | 1 |

| Lesser Clarity Potion | 3 | 210 |
| Potion of Healing | 1 | 150 |
| Scroll of Regeneration | 1 | 100 |
| Scroll of Town Portal | 1 | 350 |
| Potion of Lesser Invulnerability | 1 | 150 |
| total: | 7 | 960g |
| Peasant | 12 | 900 | / | 0 |
| Rifleman | 14 | 2870 | / | 420 |
| Knight | 4 | 980 | / | 240 |
| total: | 30 | 4750g | / | 660w |
| Farm | 11 | 880 | / | 220 |
| Altar of Kings | 1 | 180 | / | 50 |
| Blacksmith | 1 | 140 | / | 60 |
| Lumber Mill | 1 | 120 | / | 0 |
| Barracks | 3 | 480 | / | 180 |
| Arcane Vault | 1 | 130 | / | 30 |
| Town Hall | 1 | 385 | / | 205 |
| Keep | 1 | 320 | / | 210 |
| Castle | 1 | 360 | / | 210 |
| total: | 19 | 2315g | / | 745w |
| 0:07 | Peasant |
| 0:08 | Peasant |
| 0:08 | Peasant |
| 0:08 | Peasant |
| 0:08 | Peasant |
| 0:09 | Peasant |
| 0:28 | Farm |
| 0:42 | Altar of Kings |
| 0:58 | Blacksmith |
| 1:13 | Lumber Mill |
| 1:21 | Farm |
| 1:25 | Peasant |
| 1:25 | Peasant |
| 1:34 | Peasant |
| 1:34 | Peasant |
| 2:08 | Farm |
| 2:20 | Barracks |
| 2:38 | Barracks |
| 2:48 | Summon Water Elemental |
| 2:57 | Farm |
| 3:06 | Arcane Vault |
| 3:09 | Black Gunpowder |
| 3:11 | Improved Lumber Harvesting |
| 3:48 | Farm |
| 3:56 | Rifleman |
| 4:03 | Improved Masonry |
| 4:36 | Farm |
| 4:43 | Rifleman |
| 4:53 | Brilliance Aura |
| 5:08 | Peasant |
| 5:09 | Peasant |
| 5:21 | Lesser Clarity Potion |
| 5:23 | Rifleman |
| 5:30 | Farm |
| 5:39 | Rifleman |
| 6:01 | Rifleman |
| 6:16 | Farm |
| 6:58 | Town Hall |
| 7:14 | Farm |
| 7:22 | Summon Water Elemental |
| 7:32 | Keep |
| 7:40 | Lesser Clarity Potion |
| 8:11 | Barracks |
| 8:17 | Studded Leather Armor |
| 8:17 | Iron Plating |
| 8:18 | Iron Forged Swords |
| 9:06 | Rifleman |
| 9:07 | Rifleman |
| 9:20 | Rifleman |
| 9:29 | Potion of Lesser Invulnerability |
| 10:11 | Long Rifles |
| 10:13 | Castle |
| 10:21 | Farm |
| 10:45 | Rifleman |
| 11:14 | Farm |
| 11:21 | Rifleman |
| 12:11 | Rifleman |
| 12:18 | Lesser Clarity Potion |
| 12:21 | Potion of Healing |
| 12:38 | Scroll of Regeneration |
| 12:53 | Knight |
| 13:01 | Refined Gunpowder |
| 13:16 | Knight |
| 14:12 | Brilliance Aura |
| 14:16 | Knight |
| 14:35 | Imbued Gunpowder |
| 14:43 | Summon Water Elemental |
| 15:02 | Rifleman |
| 15:21 | Scroll of Town Portal |
| 15:45 | Rifleman |
| 15:47 | Rifleman |
| 16:05 | Knight |
| 16:50 | Mass Teleport |
| 17:11 | Brilliance Aura |
| Select group | 180 |
| Select | 124 |
| Right click | 108 |
| Build/train/purchase | 78 |
| Use ability | 43 |
| Minimap ping | 32 |
| Assign group | 26 |
| Item give/drop | 5 |
| Misc. action | 1 |


| Orb of Venom | 2 | 650 |
| Potion of Healing | 2 | 300 |
| Scroll of Town Portal | 2 | 700 |
| total: | 6 | 1650g |
| Wisp | 17 | 1020 | / | 0 |
| Archer | 2 | 260 | / | 20 |
| Huntress | 6 | 1170 | / | 120 |
| Chimaera | 10 | 3300 | / | 700 |
| total: | 35 | 5750g | / | 840w |
| Altar of Elders | 1 | 180 | / | 50 |
| Moon Well | 6 | 1080 | / | 240 |
| Ancient of War | 1 | 150 | / | 60 |
| Hunter's Hall | 1 | 210 | / | 100 |
| Ancient of Wonders | 1 | 90 | / | 30 |
| Tree of Life | 1 | 340 | / | 185 |
| Chimaera Roost | 2 | 280 | / | 380 |
| Tree of Ages | 2 | 640 | / | 360 |
| Tree of Eternity | 3 | 990 | / | 600 |
| total: | 13 | 2330g | / | 1045w |
| 0:03 | Wisp |
| 0:03 | Wisp |
| 0:09 | Altar of Elders |
| 0:11 | Moon Well |
| 0:19 | Wisp |
| 0:34 | Wisp |
| 0:43 | Wisp |
| 0:54 | Wisp |
| 1:02 | Ancient of War |
| 1:05 | Wisp |
| 1:19 | Wisp |
| 1:24 | Moon Well |
| 1:40 | Wisp |
| 2:08 | Hunter's Hall |
| 2:11 | Archer |
| 2:14 | Force of Nature |
| 2:26 | Archer |
| 2:45 | Wisp |
| 2:45 | Wisp |
| 2:47 | Wisp |
| 2:49 | Moon Well |
| 2:56 | Ancient of Wonders |
| 3:24 | Huntress |
| 3:43 | Tree of Ages |
| 3:47 | Entangling Roots |
| 4:07 | Huntress |
| 4:34 | Huntress |
| 5:06 | Tree of Life |
| 5:22 | Huntress |
| 5:37 | Strength of the Wild |
| 5:49 | Huntress |
| 5:51 | Reinforced Hides |
| 6:14 | Huntress |
| 6:45 | Entangling Roots |
| 7:01 | Tree of Eternity |
| 7:04 | Improved Strength of the Wild |
| 7:54 | Wisp |
| 7:54 | Wisp |
| 7:55 | Wisp |
| 7:55 | Wisp |
| 7:55 | Wisp |
| 8:32 | Searing Arrows |
| 9:53 | Force of Nature |
| 10:03 | Trueshot Aura |
| 10:36 | Chimaera Roost |
| 10:36 | Chimaera Roost |
| 10:39 | Advanced Strength of the Wild |
| 10:39 | Improved Reinforced Hides |
| 10:39 | Well Spring |
| 10:40 | Ultravision |
| 12:06 | Corrosive Breath |
| 12:06 | Chimaera |
| 12:07 | Chimaera |
| 12:07 | Chimaera |
| 12:08 | Chimaera |
| 12:08 | Chimaera |
| 12:16 | Scroll of Town Portal |
| 12:20 | Orb of Venom |
| 12:32 | Chimaera |
| 13:18 | Chimaera |
| 13:19 | Chimaera |
| 14:09 | Chimaera |
| 14:28 | Force of Nature |
| 14:38 | Searing Arrows |
| 14:57 | Chimaera |
| 15:39 | Moon Well |
| 15:40 | Moon Well |
| 15:40 | Moon Well |
| 15:43 | Advanced Reinforced Hides |
| 16:31 | Scroll of Town Portal |
| 16:35 | Potion of Healing |
| 16:38 | Potion of Healing |
| 16:39 | Orb of Venom |
| Right click | 518 |
| Select group | 210 |
| Select | 165 |
| Build/train/purchase | 77 |
| Assign group | 68 |
| Use ability | 38 |
| Chat | 16 |
| Minimap ping | 10 |
| Item give/drop | 4 |

| Lesser Clarity Potion | 2 | 140 |
| Potion of Mana | 2 | 400 |
| Anti-magic Potion | 1 | 100 |
| Potion of Lesser Invulnerability | 1 | 150 |
| total: | 6 | 790g |
| Wisp | 19 | 1140 | / | 0 |
| Archer | 1 | 130 | / | 10 |
| Chimaera | 11 | 3630 | / | 770 |
| Goblin Shredder | 1 | 375 | / | 100 |
| total: | 32 | 5275g | / | 880w |
| Ancient Protector | 2 | 270 | / | 160 |
| Altar of Elders | 1 | 180 | / | 50 |
| Moon Well | 9 | 1620 | / | 360 |
| Ancient of War | 1 | 150 | / | 60 |
| Ancient of Wonders | 1 | 90 | / | 30 |
| Hunter's Hall | 1 | 210 | / | 100 |
| Tree of Life | 2 | 680 | / | 370 |
| Ancient of Lore | 2 | 310 | / | 290 |
| Chimaera Roost | 4 | 560 | / | 760 |
| Tree of Ages | 2 | 640 | / | 360 |
| Tree of Eternity | 1 | 330 | / | 200 |
| total: | 23 | 4070g | / | 2180w |
| 0:01 | Wisp |
| 0:02 | Wisp |
| 0:02 | Wisp |
| 0:18 | Altar of Elders |
| 0:32 | Moon Well |
| 0:36 | Wisp |
| 1:01 | Ancient of War |
| 1:05 | Wisp |
| 1:06 | Wisp |
| 1:09 | Wisp |
| 1:09 | Wisp |
| 1:40 | Moon Well |
| 1:48 | Wisp |
| 1:48 | Wisp |
| 1:54 | Moon Well |
| 2:02 | Archer |
| 2:14 | Ancient of Wonders |
| 2:23 | Force of Nature |
| 2:48 | Wisp |
| 2:48 | Wisp |
| 2:49 | Wisp |
| 2:49 | Wisp |
| 3:36 | Tree of Ages |
| 3:41 | Hunter's Hall |
| 3:59 | Thorns Aura |
| 4:40 | Tree of Life |
| 4:44 | Tree of Life |
| 4:58 | Moon Well |
| 5:01 | Strength of the Wild |
| 5:01 | Reinforced Hides |
| 5:12 | Ancient Protector |
| 5:15 | Ancient Protector |
| 5:25 | Goblin Shredder |
| 5:46 | Lesser Clarity Potion |
| 6:06 | Tree of Eternity |
| 7:00 | Wisp |
| 7:00 | Wisp |
| 7:00 | Wisp |
| 7:00 | Wisp |
| 7:01 | Wisp |
| 7:04 | Nature's Blessing |
| 7:09 | Force of Nature |
| 7:25 | Improved Strength of the Wild |
| 7:25 | Improved Reinforced Hides |
| 7:53 | Potion of Lesser Invulnerability |
| 8:33 | Chimaera Roost |
| 8:36 | Chimaera Roost |
| 8:37 | Chimaera Roost |
| 8:39 | Chimaera Roost |
| 8:51 | Advanced Strength of the Wild |
| 9:35 | Thorns Aura |
| 10:08 | Chimaera |
| 10:08 | Chimaera |
| 10:09 | Chimaera |
| 10:09 | Chimaera |
| 10:11 | Chimaera |
| 10:11 | Chimaera |
| 10:14 | Moon Well |
| 10:18 | Moon Well |
| 11:04 | Moon Well |
| 11:05 | Moon Well |
| 11:07 | Chimaera |
| 11:08 | Corrosive Breath |
| 11:23 | Advanced Reinforced Hides |
| 12:20 | Ancient of Lore |
| 12:21 | Ancient of Lore |
| 12:24 | Ultravision |
| 12:24 | Well Spring |
| 13:08 | Chimaera |
| 13:40 | Druid of the Claw Adept Training |
| 13:45 | Thorns Aura |
| 14:11 | Druid of the Claw Master Training |
| 14:51 | Chimaera |
| 15:06 | Mark of the Claw |
| 15:34 | Moon Well |
| 15:38 | Tree of Ages |
| 15:49 | Chimaera |
| 15:51 | Chimaera |
| 16:22 | Lesser Clarity Potion |
| 16:22 | Potion of Mana |
| 16:24 | Anti-magic Potion |
| 16:25 | Potion of Mana |
| Right click | 315 |
| Select group | 306 |
| Select | 183 |
| Misc. action | 87 |
| Assign group | 73 |
| Build/train/purchase | 72 |
| Chat | 47 |
| Use ability | 26 |
| Minimap ping | 9 |
| Esc | 2 |
| Item give/drop | 1 |
| Remove unit | 1 |
⇛